 Dungeon Crawl Stone Soup version 0.27.1-34-g3ba077fa99 (webtiles) character file.

Game seed: 17298991444592103715

11 cbfl8 the Sneak (level 2, -9/27 HPs)
             Began as a Minotaur Delver on Jan 26, 2022.
             Killed by divine providence
             ... invoked by an orc priest
              (14 damage)
             ... on level 4 of the Dungeon.
             The game lasted 00:00:50 (148 turns).

cbfl8 the Sneak (Minotaur Delver)                    Turns: 148, Time: 00:00:51

Health: -9/27      AC:  3    Str: 16    XL:     2   Next: 17%
Magic:  1/1        EV: 11    Int:  7    God:
Gold:   15         SH:  0    Dex: 11    Spells: 1/1 levels left

rFire    . . .     SeeInvis .   a - +0 hand axe
rCold    . . .     Faith    .   (no shield)
rNeg     . . .     Spirit   .   b - +0 leather armour
rPois    .         Reflect  .   (helmet restricted)
rElec    .         Harm     .   (no cloak)
rCorr    .         Rampage  .   (no gloves)
Will     .....                  (no boots)
Stlth    ++........             (no amulet)
HPRegen  0.09/turn              (no ring)
MPRegen  0.07/turn              (no ring)

@: no status effects
A: horns 2, retaliatory headbutt
a: no special abilities


You were on level 4 of the Dungeon.
You visited 1 branch of the dungeon, and saw 2 of its levels.

You collected 15 gold pieces.

Inventory:

Hand Weapons
 a - a +0 hand axe (weapon)
Missiles
 h - 5 boomerangs (quivered)
Armour
 b - a +0 leather armour (worn)
Wands
 g - a wand of digging (3)
Scrolls
 c - a scroll of fog
 d - a scroll of magic mapping
 e - a scroll of fear
 i - a scroll of identify {unknown}
Potions
 f - 2 potions of haste


   Skills:
 + Level 3.8 Fighting
 + Level 2.4 Axes
 + Level 2.2 Dodging
 + Level 4.4 Stealth


You had one spell level left.
You didn't know any spells.
Your spell library was empty.

Dungeon Overview and Level Annotations

Branches:
Dungeon (5/15)
 Temple: D:4-7

Altars:


Innate Abilities, Weirdness & Mutations

You have a pair of horns on your head.
You reflexively headbutt those who attack you in melee.


Message History

Found a stone staircase leading down.
You see here an adder corpse.
Found a book of Debilitation.
The goblin shoots a stone.
The stone misses you.
The goblin shoots a stone.
The stone hits you but does no damage.
An orc comes into view. It is wielding a +0 mace.
A phantom comes into view.
The goblin unwields a +0 hunting sling.
The goblin wields a +0 dagger.
The goblin hits you with a +0 dagger.
A kobold comes into view. It is wielding a +0 whip.
You slash the goblin!
You kill the goblin!
You closely miss the kobold. The kobold barely misses you.
Your leather armour prevents you from hitting the kobold.
The kobold closely misses you. You furiously retaliate!
You headbutt the kobold.
You kill the kobold!
Found 23 bolts.
Found a stone staircase leading up.
The orc hits you with a +0 mace.
The phantom hits you but does no damage.
Items here: ( ))).
You barely miss the phantom. Your headbutt misses the phantom. You hit the orc.
The orc barely misses you. The phantom hits you.
The phantom blinks!
You blink.
An adder comes into view.
Found 16 gold pieces.
The phantom barely misses you.
An orc comes into view. It is wielding a +0 flail.
The phantom hits you!
The phantom blinks!
You blink.
The orc hits you but does no damage.
An orc priest comes into view. It is wielding a +0 dagger of venom.
The orc priest shouts!
The adder hisses angrily.
The orc priest hits you with a +0 dagger of venom.
* * * LOW HITPOINT WARNING * * *
The phantom hits you.
* * * LOW HITPOINT WARNING * * *
There is a stone staircase leading up here.
The orc priest invokes the aid of Beogh against you.
Beogh smites you!
Ouch! That really hurt!
You die...

####.........>...$..##..
####......[........##..#
.#.##....).............#
.....!†###.:............
#.###.## #..............
###...# ##.............
##..### #.............
##.# #.##.oW....... ...
...##..@S..#... .. ##
#.(o...##.. .#.
.........# ..
...####...... ..
.....### . .....# ......
........


You could see a phantom, an orc priest, an adder and an orc.

Vanquished Creatures
  An adder (D:4)
  A kobold (D:4)
  A goblin (D:4)
3 creatures vanquished.

Notes
Turn   | Place    | Note
-------+----------+-------------------------------------------
     0 | D:5      | cbfl8 the Minotaur Delver began the quest for the Orb.
     0 | D:5      | Reached XP level 1. HP: 19/19 MP: 0/0
    10 | D:5      | Noticed a bullfrog
    60 | D:5      | Noticed an iguana
   130 | D:4      | Reached XP level 2. HP: 27/27 MP: 1/1
   133 | D:4      | Noticed a phantom
   148 | D:4      | Killed from afar by an orc priest

Illustrated notes

Levels and vault maps discovered:
D:4:      layout_cave_pools
D:5:      layout_loops_ring

Action                   || total
-------------------------++-------
Melee: Hand axe          ||     5
  Use: Potion            ||     1
Armor: Leather armour    ||     4
Dodge: Dodged            ||     7
